 Dungeon Crawl Stone Soup version 0.23.2-1-ga50397a6bc (webtiles) character file.

Game seed: 7954243490340807998

7 Gargoyl the Skirmisher (level 1, -8/19 HPs)
             Began as a Centaur Abyssal Knight on Apr 13, 2019.
             Was a Follower of Lugonu.
             Mangled by a naga warrior
             ... wielding a +2 antimagic broad axe
             ... summoned by a glowing orange brain
              (27 damage)
             ... on level 1 of the Abyss.
             The game lasted 00:00:35 (131 turns).

Gargoyl the Skirmisher (Centaur Abyssal Knight)      Turns: 131, Time: 00:00:36

Health: -8/19      AC:  4    Str: 14      XL:     1   Next: 83%
Magic:  2/2        EV:  9    Int:  8 (11) God:    Lugonu [*.....]
Gold:   0          SH:  0    Dex:  8      Spells: 0/0 levels left

rFire    . . .     SeeInvis .   a - +1 hand axe
rCold    . . .     Gourm    .   (no shield)
rNeg     . . .     Faith    .   b - +0 leather armour
rPois    .         Spirit   .   (no helmet)
rElec    .         Reflect  .   (no cloak)
rCorr    .         Harm     .   (no gloves)
MR       .....                  (no barding)
Stlth    ..........             (no amulet)
HPRegen  0.06/turn              (no ring)
MPRegen  0.08/turn              (no ring)

@: very quick
A: large, hooves 3, deformed body, speed 2, tough skin 3
a: Depart the Abyss, Renounce Religion


You were on level 1 of the Abyss.
You worshipped Lugonu.
Lugonu was aware of your devotion.
You were not hungry.

You visited 0 branches of the dungeon, and saw 0 of its levels.
You visited the Abyss 1 time.

Inventory:

Hand Weapons
 a - a +1 hand axe (weapon)
Armour
 b - a +0 leather armour (worn)
Comestibles
 c - a ration


   Skills:
 + Level 3.2 Fighting
 + Level 1.8 Axes
 + Level 1.4 Armour
 + Level 0.6 Dodging
 + Level 2.0 Invocations


You couldn't memorise any spells.
You didn't know any spells.
Your spell library was empty.

Dungeon Overview and Level Annotations

Branches:
Dungeon (0/15)

Altars:


Innate Abilities, Weirdness & Mutations

You have hooves in place of feet.
Armour fits poorly on your strangely shaped body.
You cover ground very quickly.
You have extremely tough skin. (AC +3)


Message History

The glowing orange brain is moderately wounded.
You hit the glowing orange brain but do no damage.
You kick the glowing orange brain.
The glowing orange brain is moderately wounded.
The worldbinder calls forth creatures from the Crypt!
The glowing orange brain pulsates.
You feel dopey. Something feeds on your intellect!
A large abomination comes into view.
The worldbinder calls forth creatures from the Crypt!
You hit the glowing orange brain.
The glowing orange brain is heavily wounded.
The shadow disappears in a puff of smoke!
You completely miss the glowing orange brain.
The glowing orange brain is heavily wounded.
The guardian serpent casts a spell.
The naga warrior blinks!
The shadow blinks! x2
The naga warrior hits you with a +2 antimagic broad axe!!
Ouch! That really hurt!
You die...

#..##.##. .[..
#..###..#. . ..).
###.##..G## v ..
##.###...#......
.
##.§....#..##....
. #..NNW§##....#
##..#xS# .###x.
.# #xG#### .. .
#.. ###@N# .. .
#.# #.WW## ... #
##..## .. .. ##
#.. . . # ..## .
. # ..X#.# ..# .
#.#.#.. . . .# #
. #. ## . . .


You could see a naga warrior, a salamander, a glowing orange brain, a large
abomination, a guardian serpent, a worldbinder, a wraith, a naga, a small
abomination and 2 shadows.

Vanquished Creatures
  A white imp (Abyss:1)
1 creature vanquished.

Notes
Turn   | Place    | Note
-------+----------+-------------------------------------------
     0 | Abyss:1  | Gargoyl the Centaur Abyssal Knight began the quest for the
                  | Orb.
     0 | Abyss:1  | Reached XP level 1. HP: 19/19 MP: 2/2
    54 | Abyss:1  | Noticed a bone dragon
    95 | Abyss:1  | Noticed a spatial vortex
   109 | Abyss:1  | Noticed a glowing orange brain
   109 | Abyss:1  | Noticed a spatial vortex
   112 | Abyss:1  | Noticed a small abomination
   127 | Abyss:1  | Noticed a guardian serpent
   127 | Abyss:1  | Noticed a salamander
   127 | Abyss:1  | Noticed a naga
   127 | Abyss:1  | Noticed a worldbinder
   128 | Abyss:1  | Noticed a naga warrior
   129 | Abyss:1  | Noticed a large abomination
   130 | Abyss:1  | Noticed a shadow
   130 | Abyss:1  | Noticed a shadow
   130 | Abyss:1  | Noticed a wraith
   130 | Abyss:1  | Noticed a shadow
   131 | Abyss:1  | Mangled by a naga warrior

Action                   || total
-------------------------++-------
Melee: Hand axe          ||    11
       Kick              ||     2
  Use: Scroll            ||     1
Armor: Leather armour    ||     3
Dodge: Dodged            ||     1
